 Dungeon Crawl Stone Soup version 0.20.1-1-g8b1a95d (webtiles) character file.

1218 dstrtn the Cudgeler (level 8, 0/67 HPs)
             Began as a Deep Dwarf Necromancer on Sept 20, 2017.
             Was a Follower of Makhleb.
             Shot with an arrow by a centaur (9 damage)
             ... on level 6 of the Dungeon on Sept 21, 2017.
             The game lasted 00:51:54 (5161 turns).

dstrtn the Cudgeler (Deep Dwarf Necromancer)        Turns: 5161, Time: 00:51:55

Health: 0/67       AC:  5    Str: 13    XL:     8   Next: 22%
Magic:  4/11       EV: 14    Int: 17    God:    Makhleb [*.....]
Gold:   138        SH:  0    Dex: 13    Spells: 1/11 levels left

rFire    . . .     SeeInvis .   a - +0 morningstar
rCold    . . .     Gourm    .   (no shield)
rNeg     . . .     Faith    .   E - +0 ring mail
rPois    .         Spirit   .   (no helmet)
rElec    .         Reflect  .   (no cloak)
rCorr    .         Harm     .   (no gloves)
MR       +....                  (no boots)
Stlth    ++........             (no amulet)
Regen    0.0/turn               x - +2 ring of evasion
MPRegen  0.2/turn               B - +1 ring of evasion

@: non-regenerating
A: damage resistance, heal wounds, sense surroundings 1, no regeneration
a: Heal Wounds, Renounce Religion


You were on level 6 of the Dungeon.
You worshipped Makhleb.
Makhleb was aware of your devotion.
You were not hungry.

You visited 2 branches of the dungeon, and saw 7 of its levels.

You collected 280 gold pieces.
You spent 142 gold pieces at shops.

Inventory:

Hand Weapons
 a - a +0 morningstar (weapon)
Missiles
 d - 153 stones
 f - 17 sling bullets
 z - 14 tomahawks (quivered)
 C - a poisoned tomahawk
 I - a poisoned needle
 J - 22 bolts
Armour
 g - a +0 plate armour
 y - a +0 scale mail
 D - a +1 leather armour
 E - a +0 ring mail (worn)
Jewellery
 x - a +2 ring of evasion (left hand)
 B - a +1 ring of evasion (right hand)
 H - the cursed ring "Fopraps" {EV-2 Str+4, unknown}
   (You found it on level 5 of the Dungeon)

   [ring of evasion]

   It affects your evasion (-2).
   It affects your strength (+4).
   It has a curse placed upon it.
Wands
 e - a wand of acid (2/15)
 n - a wand of flame (29/48)
 q - a wand of digging (9/24)
Scrolls
 i - a scroll of teleportation
 k - a scroll of enchant weapon {unknown}
 l - 2 scrolls of enchant armour
 m - a scroll of immolation {unknown}
 p - a scroll of fear {unknown}
 s - a scroll of remove curse
 F - 2 scrolls of amnesia {unknown}
 G - a scroll of magic mapping {unknown}
Potions
 h - a potion of haste {unknown}
 o - 3 potions of curing
 r - a potion of flight {unknown}
 u - a potion of ambrosia {unknown}
 v - a potion of lignification {unknown}
 w - 2 potions of might {unknown}
 A - a potion of heal wounds {unknown}
Books
 b - a book of Necromancy

   Spells                             Type                      Level
   a - Pain                           Necromancy                   1
   b - Animate Skeleton               Necromancy                   1
   c - Vampiric Draining              Necromancy                   3
   d - Regeneration                   Charms/Necromancy            3
   e - Animate Dead                   Necromancy                   4
   f - Control Undead                 Necromancy                   4
 j - a book of Callings

   Spells                             Type                      Level
   a - Summon Small Mammal            Summoning                    1
   b - Call Imp                       Summoning                    2
   c - Call Canine Familiar           Summoning                    3
   d - Summon Guardian Golem          Hexes/Summoning              3
   e - Summon Lightning Spire         Summoning/Air                4
   f - Summon Ice Beast               Ice/Summoning                4
 t - a book of Cantrips

   Spells                             Type                      Level
   a - Confusing Touch                Hexes                        1
   b - Animate Skeleton               Necromancy                   1
   c - Summon Small Mammal            Summoning                    1
   d - Apportation                    Translocation                1
Comestibles
 c - 3 bread rations


   Skills:
 - Level 2.0 Fighting
 * Level 6.6 Maces & Flails
 - Level 2.1 Dodging
 - Level 4.0 Stealth
 - Level 2.1 Spellcasting
 - Level 1.1 Summonings
 - Level 6.2 Necromancy
 - Level 5.2 Evocations


You had one spell level left.
You knew the following spells:

 Your Spells              Type           Power        Failure   Level  Hunger
a - Pain                  Necr           ###.         3%          1    #......
b - Summon Small Mammal   Summ           #...         26%         1    #......
c - Animate Dead          Necr           N/A          32%         4    #####..
s - Animate Skeleton      Necr           N/A          3%          1    #......
v - Vampiric Draining     Necr           ###.......   10%         3    ###....


Dungeon Overview and Level Annotations

Branches:
Dungeon (6/15)             Temple (1/1) D:4

Altars:
Ashenzari
Elyvilon
Hepliaklqana
Makhleb
Ru
Sif Muna
Uskayaw
Vehumet
Yredelemnul
Zin
The Shining One

Shops:
D:4 :   D:5 ==

Annotations:
D:3 Grinder, Sigmund
D:4 exclusion: player ghost, simples's ghost, amateur MfSk
D:5 Menkaure


Innate Abilities, Weirdness & Mutations

You are resistant to damage.
You can heal yourself by infusing magical energy.
You passively map a small area around you.
You do not regenerate.


Message History

Found 7 tomahawks.
A centaur comes into view.
The centaur shouts!
The centaur wields a shortbow.
The centaur shoots an arrow.
The arrow barely misses you.
The centaur shoots an arrow.
The arrow hits you!
* * * LOW HITPOINT WARNING * * *
You see here 2 arrows.
The centaur shoots an arrow.
The arrow hits you!
* * * LOW HITPOINT WARNING * * *
You see here an arrow.
You swap places.
You are no longer poisoned.
The centaur shoots an arrow.
The arrow hits you!
* * * LOW HITPOINT WARNING * * *
You see here 3 arrows.
Okay, then.
The centaur shoots an arrow.
The arrow hits your orc wizard skeleton!
The centaur shoots an arrow.
The arrow hits you!
You die...

### * #### ####.######
#...#*#.[.......########
* ,
.....##.<.......@.......
........).....(Z#.######
..................#
.....................#*
,
.......#..######.......
, .......#..# ..#.(..,,
, .##>......###.,
.....#.
##................c....
#...................###
,


You could see a centaur and a friendly orc wizard skeleton.

Vanquished Creatures
  2 ogres (D:5)
  A centaur (D:5)
  A bullfrog (D:6)
  A scorpion (D:5)
  A howler monkey (D:5)
  A crimson imp (D:5)
  A bullfrog zombie (D:5)
  An orc priest (D:3)
  2 hounds
  A jelly (D:5)
  2 iguanas (D:5)
  6 orc wizards
  5 worker ants
  Terence (D:3)
  10 adders
  An adder skeleton (D:6)
  4 worms
  A dart slug (D:3)
  2 leopard geckos
  16 orcs
  4 giant cockroaches
  5 goblins
  9 hobgoblins
  16 jackals
  A quokka (D:5)
  3 ball pythons
  13 bats
  3 frilled lizards
  4 kobolds
  8 rats
126 creatures vanquished.

Vanquished Creatures (collateral kills)
  A phantom (D:5)
  An orc wizard (D:5)
  A worker ant (D:5)
  An adder (D:6)
  2 leopard geckos
  3 orcs
  4 giant cockroaches
  2 goblins (D:2)
  2 hobgoblins
  A kobold (D:3)
  2 rats
20 creatures vanquished.

Grand Total: 146 creatures vanquished

Notes
Turn   | Place    | Note
-------+----------+-------------------------------------------
     0 | D:1      | dstrtn the Deep Dwarf Necromancer began the quest for the Orb.
     0 | D:1      | Reached XP level 1. HP: 15/15 MP: 3/3
   474 | D:1      | Reached XP level 2. HP: 22/22 MP: 1/5
   513 | D:1      | Learned a level 1 spell: Animate Skeleton
   883 | D:1      | Reached XP level 3. HP: 28/28 MP: 0/6
   954 | D:1      | Reached skill level 1 in Maces & Flails
   991 | D:1      | Learned a level 3 spell: Vampiric Draining
  1465 | D:2      | Reached skill level 5 in Necromancy
  1520 | D:2      | Reached XP level 4. HP: 30/36 MP: 0/7
  1945 | D:3      | Learned a level 1 spell: Summon Small Mammal
  2157 | D:3      | Reached skill level 1 in Summonings
  2188 | D:3      | Noticed Grinder
  2324 | D:3      | Noticed Terence
  2344 | D:3      | Killed Terence
  2344 | D:3      | Reached XP level 5. HP: 37/42 MP: 0/8
  2416 | D:3      | Noticed Sigmund
  3068 | D:4      | Reached skill level 1 in Fighting
  3211 | D:4      | Reached XP level 6. HP: 34/51 MP: 0/9
  3274 | D:4      | Noticed simples's ghost (amateur MfSk)
  3634 | D:4      | Found a staircase to the Ecumenical Temple.
  3640 | Temple   | Entered the Ecumenical Temple
  3649 | Temple   | Became a worshipper of Makhleb the Destroyer
  3665 | D:4      | Found Aruph's Book Boutique.
  3742 | D:5      | Entered Level 5 of the Dungeon
  3832 | D:5      | Reached skill level 1 in Evocations
  4001 | D:5      | Reached XP level 7. HP: 25/60 MP: 10/10
  4433 | D:5      | Found Uvael's Jewellery Shop.
  4501 | D:5      | Reached skill level 5 in Evocations
  4523 | D:5      | Learned a level 4 spell: Animate Dead
  4570 | D:5      | Found Cion's Jewellery Shoppe.
  4581 | D:5      | Bought a +2 ring of evasion for 100 gold pieces
  4592 | D:5      | Bought a +1 ring of evasion for 42 gold pieces
  4625 | D:5      | Noticed Menkaure
  4665 | D:5      | Reached skill level 5 in Maces & Flails
  4820 | D:5      | Reached XP level 8. HP: 22/67 MP: 1/11
  4904 | D:5      | Got a wavering ivory ring
  5142 | D:6      | Reached * piety under Makhleb
  5161 | D:6      | Shot with an arrow by a centaur

Skill      XL: |  1  2  3  4  5  6  7  8 |
---------------+-------------------------+-----
Spellcasting   | 2 |  2.1
Stealth        | 3 4 |  4.0
Maces & Flails | 1 2 3 5 6 |  6.6
Necromancy     | 5 6 |  6.2
Summonings     | 1 |  1.1
Fighting       | 1 2 |  2.0
Evocations     | 3 5 |  5.2
Dodging        | |  2.1

Action                   |  1- 3 |  4- 6 |  7- 9 || total
-------------------------+-------+-------+-------++-------
Melee: Unarmed           |    13 |       |       ||    13
       Whip              |    40 |    87 |     3 ||   130
       Morningstar       |       |       |    42 ||    42
Throw: Stone             |    22 |     1 |     1 ||    24
       Tomahawk          |       |     5 |    13 ||    18
 Cast: Pain              |    59 |    79 |    28 ||   166
       Animate Skeleton  |    17 |    27 |    10 ||    54
       Vampiric Draining |     4 |    32 |    26 ||    62
       Summon Small Mamm |       |     2 |       ||     2
 Abil: Heal Wounds       |     1 |       |     1 ||     2
Evoke: Wand              |       |     4 |     4 ||     8
  Use: Scroll            |       |    10 |       ||    10
       Potion            |       |     1 |     1 ||     2
 Stab: Distracted        |       |     2 |     1 ||     3
       Sleeping          |       |     1 |       ||     1
  Eat: Chunk             |     4 |    11 |     8 ||    23
       Royal jelly       |       |     1 |       ||     1
Armor: Robe              |    20 |    12 |       ||    32
       Leather armour    |       |    21 |    10 ||    31
       Ring mail         |       |       |    13 ||    13
Dodge: Dodged            |    80 |    90 |    80 ||   250
